 Dungeon Crawl Stone Soup version 0.29.0 (webtiles) character file.

Game seed: 8016353448139119420

7684 bonscott the Thaumaturge (level 11, -15/57 HPs)
             Began as a Deep Elf Necromancer on Sept 9, 2022.
             Was an Initiate of Gozag.
             Killed from afar by Lodul (21 damage)
             ... with a bolt of lightning
             ... on level 10 of the Dungeon.
             The game lasted 01:36:27 (13776 turns).

bonscott the Thaumaturge (Deep Elf Necromancer)    Turns: 13776, Time: 01:36:28

Health: -15/57     AC: 18    Str: 11    XL:     11   Next: 0%
Magic:  29/29      EV: 13    Int: 23    God:    Gozag
Gold:   850        SH:  0    Dex: 17    Spells: 24/34 levels left

rFire   . . .      SeeInvis .   a - +2 sling (flame)
rCold   . . .      Faith    .   K - orb {light}
rNeg    . . .      Spirit   .   P - +0 steam dragon scales
rPois   .          Reflect  .   u - +2 helmet
rElec   .          Harm     .   y - +2 cloak
rCorr   .          Rampage  .   (no gloves)
Will    +....                   d - +0 pair of boots
Stlth   +.........              (no amulet)
HPRegen 0.19/turn               o - +4 ring of protection
MPRegen 0.21/turn               R - +6 ring of strength

@: glowing
A: no striking features
a: Renounce Religion, Potion Petition, Call Merchant, Bribe Branch


You were on level 10 of the Dungeon.
You worshipped Gozag.
Gozag was pleased with you.
You visited 2 branches of the dungeon, and saw 11 of its levels.
You also visited: Ossuary.

You collected 989 gold pieces.
You paid 139 gold pieces to Gozag.

Inventory:

Hand Weapons
 a - a +2 sling of flaming (weapon)
 r - a +4 short sword of protection
 x - a +4 quarterstaff of chaos
 D - a +5 scimitar
 U - a +3 falchion
 V - a +1 short sword of holy wrath
 W - a +4 spear
 Y - a +1 rapier of holy wrath
Missiles
 e - 3 boomerangs
 h - 4 curare-tipped darts
 v - 2 throwing nets
 w - 48 poisoned darts
Armour
 d - a +0 pair of boots (worn)
 q - a +2 tower shield
 u - a +2 helmet (worn)
 y - a +2 cloak (worn)
 K - an orb of light (worn)
 P - +0 steam dragon scales (worn)
 X - a +0 buckler
Jewellery
 o - a +4 ring of protection (left hand)
 p - a ring of willpower
 F - a ring of flight
 R - a +6 ring of strength (right hand)
Wands
 O - a wand of charming (14)
 Q - a wand of acid (8)
Scrolls
 b - a scroll of magic mapping
 c - 2 scrolls of amnesia
 l - 3 scrolls of enchant armour
 n - 5 scrolls of teleportation
 s - a scroll of acquirement {unknown}
 z - a scroll of fear
 A - a scroll of vulnerability {unknown}
 E - a scroll of poison
 G - a scroll of immolation {unknown}
 H - a scroll of torment {unknown}
 M - a scroll of butterflies
 N - a scroll of blinking
 T - a scroll of noise {unknown}
Potions
 f - 3 potions of magic
 g - a potion of flight {unknown}
 i - 3 potions of attraction
 j - 6 potions of brilliance
 k - a potion of ambrosia {unknown}
 m - 2 potions of cancellation
 t - 2 potions of mutation {unknown}
 B - a potion of degeneration {unknown}
 C - 2 potions of might
 I - 2 potions of lignification {unknown}
 J - 2 potions of berserk rage {unknown}
 L - 4 potions of heal wounds
 S - a potion of invisibility {unknown}
 Z - a potion of curing


   Skills:
 - Level 2.0 Fighting
 + Level 6.7 Ranged Weapons
 + Level 6.3 Armour
 - Level 3.0 Dodging
 - Level 2.4 Stealth
 - Level 12.0 Spellcasting
 + Level 6.7 Hexes
 - Level 12.0 Necromancy


You had 24 spell levels left.
You knew the following spells:

 Your Spells              Type           Power      Damage    Failure   Level
i - Necrotise             Necr           100%       1d9       1%          1
m - Vampiric Draining     Necr           62%        2d10      1%          3
s - Slow                  Hex            100%       N/A       1%          1
y - Agony                 Necr           62%        N/A       1%          5

Your spell library contained the following spells:

 Spells                   Type           Power      Damage    Failure   Level
 Confusing Touch          Hex            45%        N/A       1%          3
 Inner Flame              Hex/Fire       29%        N/A       3%          3
 Foxfire                  Conj/Fire      52%        2x1d6     4%          1
 Freeze                   Ice            52%        1d7       4%          1
 Magic Dart               Conj           52%        1d5       4%          1
 Searing Ray              Conj           26%        2d5       7%          2
 Fulminant Prism          Conj/Hex       14%        3d9       12%         4
 Conjure Flame            Conj/Fire      13%        6-21      14%         3
 Frozen Ramparts          Ice            26%        1d4       14%         3
 Flame Wave               Conj/Fire      13%        2d6       41%         4
 Hailstorm                Conj/Ice       13%        3d5       41%         4
 Ice Form                 Ice/Tmut       13%        N/A       41%         4
 Animate Dead             Necr           Unusable   N/A       N/A         4
 Simulacrum               Ice/Necr       Unusable   N/A       N/A         6

Dungeon Overview and Level Annotations

Branches:
Dungeon (10/15)            Temple (1/1) D:7            Lair (0/5) D:10
    Orc (0/2) D:9         Ossuary (visited)

Altars:
Ashenzari
Cheibriados
Dithmenos
Elyvilon
Fedhas
Gozag
Hepliaklqana
Kikubaaqudgha
Makhleb
Nemelex Xobeh
Okawaru
Qazlal
Ru
Sif Muna
Trog
Uskayaw
Vehumet
Wu Jian
Xom
Yredelemnul
Zin
The Shining One

Annotations:
D:4 1 runed translucent door, brinewave's ghost, novice VSIE
D:6 1 runed translucent door, mattm's ghost, novice SpCj
D:10 Lodul


Message History

The sling bullet hits the shadow but does no damage.
You shoot a sling bullet. The sling bullet hits the shadow.
The sling bullet burns the shadow.
The shadow is lightly damaged.
You shoot a sling bullet. The sling bullet hits the shadow.
The sling bullet burns the shadow.
The shadow is heavily damaged.
You shoot a sling bullet. The sling bullet hits the shadow.
The sling bullet burns the shadow.
The shadow is severely damaged.
The shadow hits you.
You shoot a sling bullet. The sling bullet hits the shadow.
The sling bullet burns the shadow.
The shadow is almost destroyed.
You shoot a sling bullet. The sling bullet hits the shadow.
The sling bullet burns the shadow.
You destroy the shadow!
You have reached level 11!
You see here 6 gold pieces.
You now have 850 gold pieces (gained 6).
There is an open door here.
You open the door.
There is an open door here.
There is an open door here.
There is an open door here.
There is an open door here.
Lodul and 2 ogres come into view.
Lodul is wielding a +0 dire flail of protection and carrying a wand of charming (2).
Lodul shouts!
The ogre shouts! x2
Electricity crackles from Lodul's apparatus.
The bolt of lightning hits you!!
Lodul lets out a whooping war cry.
Electricity crackles from Lodul's apparatus.
The bolt of lightning hits you!!
* * * LOW HITPOINT WARNING * * *
There is an open door here.
Electricity crackles from Lodul's apparatus.
The bolt of lightning hits you!!
You die...
Your body crumbles into a pile of gold.

###.#.#...#.#.#.#######.##
#......._.......# #.#
#.#.#.#...#.#.### #.#
#.#.#.##)##.#.# #.# ###
#.#.#.......#.#########'####..
#.#.####.####.#.........§.§.._
####.#...........#.........§###..
...>.######.######............###
#######.......'.@'.O...........#
#.......####.O...........##
#.......# #...O.........'.
#.......# #.............##
#.......# #.............#
#.......# #.............#
####'#### #.............# #...#
########.###### #.### ######.####


You could see Lodul and 2 ogres.

Vanquished Creatures
  2 two-headed ogres (D:10)
  A troll (D:9)
  5 yaks (D:9)
  A shadow (D:10)
  A wyvern (D:10)
  A steam dragon (D:9)
  2 acid dragons
  2 water moccasins
  4 orc warriors (D:9)
  A black bear (D:5)
  An ice beast (D:8)
  A sky beast (D:8)
  8 ogres
  A phantom (D:5)
  5 kobold brigands
  An elf zombie (Ossuary)
  Blork the orc (D:6)
  5 gnoll sergeants (D:9)
  2 bullfrogs (D:7)
  5 scorpions
  12 wights
  10 killer bees
  2 electric eels (D:6)
  A howler monkey (D:7)
  2 hounds
  2 jellies
  Crazy Yiuf (D:2)
  2 human zombies (Ossuary)
  4 orc priests
  3 iguanas
  A scorpion zombie (D:2)
  5 orc wizards
  3 mummies (Ossuary)
  10 gnolls
  12 adders
  A shadow imp (D:5)
  A white imp (D:6)
  An ufetubus (D:6)
  4 worms
  4 dart slugs
  19 orcs
  6 bats
  A bat zombie (D:2)
  6 endoplasms
  5 giant cockroaches
  A gnoll zombie (Ossuary)
  4 goblins
  8 hobgoblins
  3 quokkas
  4 ball pythons
  4 frilled lizards
  5 goblin zombies (Ossuary)
  A hobgoblin zombie (Ossuary)
  29 kobolds
  4 kobold zombies (Ossuary)
  A quokka skeleton (D:2)
  A quokka zombie (D:2)
  3 rats
236 creatures vanquished.

Vanquished Creatures (collateral kills)
  A hobgoblin (D:3)
1 creature vanquished.

Vanquished Creatures (others)
  A quokka (D:3)
  6 plants (D:6)
7 creatures vanquished.

Grand Total: 244 creatures vanquished

Notes
Turn   | Place    | Note
-------+----------+-------------------------------------------
     0 | D:1      | bonscott the Deep Elf Necromancer began the quest for the
                  | Orb.
     0 | D:1      | Reached XP level 1. HP: 10/10 MP: 6/6
    62 | D:1      | Reached skill level 5 in Necromancy
   231 | D:1      | Reached XP level 2. HP: 15/15 MP: 6/8
   830 | D:2      | Reached skill level 1 in Ranged Weapons
   830 | D:2      | Reached XP level 3. HP: 12/20 MP: 9/9
  1055 | D:2      | Learned a level 3 spell: Vampiric Draining
  1121 | D:2      | Found a runed translucent door.
  1122 | D:2      | Noticed Crazy Yiuf
  1181 | D:2      | Reached XP level 4. HP: 24/24 MP: 11/11
  1824 | D:2      | Reached skill level 1 in Fighting
  1960 | D:2      | Killed Crazy Yiuf
  1961 | D:2      | Reached XP level 5. HP: 29/29 MP: 6/13
  2015 | D:2      | Learned a level 1 spell: Slow
  2312 | D:3      | Reached skill level 1 in Hexes
  2778 | D:3      | Found a white marble altar of Elyvilon.
  3117 | D:4      | Found a runed translucent door.
  3120 | D:4      | Noticed brinewave's ghost (novice VSIE)
  3146 | D:4      | Found a sand-covered staircase.
  3154 | Ossuary  | Entered an ossuary
  3154 | Ossuary  | Noticed a wraith
  3154 | Ossuary  | Noticed a wraith
  3154 | Ossuary  | Noticed a wraith
  3214 | Ossuary  | Reached skill level 5 in Spellcasting
  3344 | Ossuary  | Noticed a wraith
  3677 | Ossuary  | Reached XP level 6. HP: 34/34 MP: 17/17
  4493 | D:4      | Reached skill level 1 in Armour
  4645 | D:4      | Reached XP level 7. HP: 38/38 MP: 14/18
  4974 | D:5      | Entered Level 5 of the Dungeon
  4979 | D:5      | Found a sparkling altar of Nemelex Xobeh.
  5728 | D:5      | Reached XP level 8. HP: 43/43 MP: 10/21
  6446 | D:6      | Noticed Blork the orc
  6461 | D:6      | Killed Blork the orc
  6488 | D:6      | Found a runed translucent door.
  6489 | D:6      | Noticed mattm's ghost (novice SpCj)
  6494 | D:6      | You fall into a shaft and drop 2 floors!
  7803 | D:9      | Reached XP level 9. HP: 48/48 MP: 8/24
  8381 | D:9      | Reached skill level 10 in Spellcasting
  8381 | D:9      | Reached skill level 10 in Necromancy
  9102 | D:7      | Found a staircase to the Ecumenical Temple.
  9118 | Temple   | Entered the Ecumenical Temple
  9244 | D:7      | Found a snail-covered altar of Cheibriados.
  9548 | D:7      | Found a stormy altar of Qazlal.
  9559 | D:7      | Found a basalt altar of Yredelemnul.
  9564 | D:7      | Found a broken altar of Ashenzari.
  9567 | D:7      | Found an opulent altar of Gozag.
  9570 | D:7      | Found an ancient bone altar of Kikubaaqudgha.
  9574 | D:7      | Found a glowing silver altar of Zin.
  9586 | D:7      | Became a worshipper of Gozag Ym Sagoz the Greedy
  9607 | D:7      | Reached skill level 5 in Ranged Weapons
  9623 | D:7      | Reached skill level 5 in Hexes
 10936 | D:8      | Found a blossoming altar of Fedhas.
 11350 | D:8      | Reached XP level 10. HP: 53/53 MP: 13/26
 11414 | D:8      | Reached skill level 5 in Armour
 12823 | D:9      | Found a staircase to the Orcish Mines.
 12900 | D:10     | Entered Level 10 of the Dungeon
 13286 | D:10     | Found a hazy altar of Hepliaklqana.
 13298 | D:10     | Found a staircase to the Lair.
 13305 | D:10     | Noticed a two-headed ogre
 13384 | D:10     | Killed a two-headed ogre
 13414 | D:10     | Learned a level 5 spell: Agony
 13448 | D:10     | Noticed a two-headed ogre
 13449 | D:10     | Found a sacrificial altar of Ru.
 13490 | D:10     | Killed a two-headed ogre
 13732 | D:10     | Reached XP level 11. HP: 57/57 MP: 29/29
 13770 | D:10     | Noticed Lodul
 13776 | D:10     | Killed from afar by Lodul

Illustrated notes

Levels and vault maps discovered:
D:1:      eino_arrival_cavern_d, layout_rooms
D:2:      layout_basic, serial_undead, serial_undead_e, serial_undead_d,
          serial_undead_b, serial_undead_c, serial_undead_d, eino_tiny_chamber,
          kennysheep_small_spiral, uniq_crazy_yiuf_cottage
D:3:      layout_basic, elyvilon_altar_4
D:4:      layout_basic, chequers_ossuary_entry_cave,
          hellmonk_ghost_happy_afterlife
D:5:      layout_gridville, mainiacjoe_overflow_cross_hatched, minmay_crossroads
D:6:      layout_gridville, serial_bayou, serial_bayou_lagoon_a,
          serial_bayou_crossing, serial_bayou_shore_a, serial_bayou_pond_e,
          ebering_ghost_reflecting_pool, uniq_blork_the_orc
D:7:      layout_loops_ring, nicolae_overflow_hallway_of_the_gods,
          lemuel_tele_altar, minmay_temple_entry_gardened_gates
D:8:      layout_basic, fedhas_altar_2
D:9:      layout_basic, kennysheep_orc_monster_closet_entryway
D:10:     layout_roguey, nzn_hepliaklqana_mist_gate,
          nicolae_ru_sacrificial_ziggurat, uniq_lodul
Temple:   hellmonk_temple_micro_hex

Skill      XL: |  1  2  3  4  5  6  7  8  9 10 |
---------------+-------------------------------+-----
Necromancy     | 5 6 7 8 10 12 | 12.0
Ranged Weapons | 1 2 3 4 5 6 |  6.7
Fighting       | 1 2 |  2.0
Spellcasting   | 4 6 7 9 10 12 | 12.0
Hexes          | 3 4 5 6 |  6.7
Dodging        | 3 |  3.0
Armour         | 1 2 4 6 |  6.3
Stealth        | |  2.4

Action                   |  1- 3 |  4- 6 |  7- 9 | 10-12 || total
-------------------------+-------+-------+-------+-------++-------
Melee: Short sword       |       |       |    15 |       ||    15
       Dagger            |       |       |     3 |       ||     3
 Fire: Sling             |    59 |   212 |   268 |   194 ||   733
 Cast: Necrotise         |    17 |    49 |    56 |    11 ||   133
       Vampiric Draining |       |    10 |   102 |    41 ||   153
       Slow              |       |     3 |    23 |    49 ||    75
  Use: Scroll            |     3 |     1 |    11 |     4 ||    19
       Potion            |       |       |     3 |       ||     3
Armor: Robe              |    11 |    30 |    39 |       ||    80
       Steam dragon scal |       |       |    88 |    20 ||   108
Dodge: Dodged            |    16 |    31 |   169 |    47 ||   263
